 Dungeon Crawl Stone Soup version 0.27-a0-1060-gcb85b5eba1 (webtiles) character file.

Game seed: 2455674276600646307

14 kae the Insei (level 2, 0/21 HPs)
             Began as a Merfolk Transmuter on Apr 21, 2021.
             Slain by a worm (9 damage)
             ... on level 2 of the Dungeon.
             The game lasted 00:00:28 (1040 turns).

kae the Insei (Merfolk Transmuter)                  Turns: 1040, Time: 00:00:29

Health: 0/21       AC:  2    Str: 10    XL:     2   Next: 45%
Magic:  5/5        EV: 12    Int: 12    God:
Gold:   4          SH:  0    Dex: 14    Spells: 4/5 levels left

rFire    . . .     SeeInvis .   b - +0 hand axe
rCold    . . .     Faith    .   (no shield)
rNeg     . . .     Spirit   .   a - +0 robe
rPois    .         Reflect  .   (helmet currently unavailable)
rElec    .         Harm     .   (no cloak)
rCorr    .         Rampage  .   (no gloves)
Will     .....                  (boots currently unavailable)
Stlth    +.........             (no amulet)
HPRegen  0.07/turn              (no ring)
MPRegen  0.09/turn              (no ring)

@: appendages (expiring)
A: horns 2, (nimble swimmer 2), mertail
a: End Transformation


You were on level 2 of the Dungeon.
You had temporarily grown beastly horns.
You visited 1 branch of the dungeon, and saw 2 of its levels.

You collected 4 gold pieces.

Inventory:

Hand Weapons
 b - a +0 hand axe (weapon)
Armour
 a - a +0 robe (worn)
Scrolls
 e - a scroll of teleportation {unknown}
Potions
 c - a potion of degeneration {unknown}
 d - a potion of attraction {unknown}
 f - a potion of curing


   Skills:
 + Level 1.4 Fighting
 + Level 2.8 Dodging
 * Level 3.6 Unarmed Combat
 + Level 2.0 Spellcasting
 * Level 3.1 Transmutations


You had 4 spell levels left.
You knew the following spells:

 Your Spells              Type           Power      Damage    Failure   Level
a - Beastly Appendage     Tmut           16%        N/A       8%          1

Your spell library contained the following spells:

 Spells                   Type           Power      Damage    Failure   Level
 Wereblood                Tmut           8%         N/A       12%         2
 Spider Form              Tmut/Pois      2%         N/A       38%         3
 Ice Form                 Ice/Tmut       5%         N/A       80%         4
 Hydra Form               Tmut           4%         N/A       91%         5


Dungeon Overview and Level Annotations

Branches:
Dungeon (2/15)

Altars:


Innate Abilities, Weirdness & Mutations

You have temporarily grown beastly horns.
((You are quick and stealthy near water. (Stealth+, EV+, Speed+++)))
Your lower body shifts to a powerful aquatic tail in water.


Message History

Found 2 javelins.
No target in view!
No target in view!
You see here 2 javelins.
Found a stone staircase leading down.
A goblin comes into view. It is wielding a +0 club.
The goblin shouts!
There is a stone staircase leading down here.
A goblin is nearby!
A goblin is nearby!
Found a faded altar of an unknown god.
Casting: Beastly Appendage (safe; 8% risk of failure)
Confirm with . or Enter, or press ? or * to list all spells.
You grow a pair of large bovine horns.
The goblin hits you with a +0 club.
A worm comes into view.
You hit the goblin but do no damage.
Your transformation is almost over.
The goblin hits you with a +0 club. The goblin barely misses you.
You closely miss the goblin. The goblin barely misses you.
There are monsters nearby!
You hit the goblin.
You kill the goblin!
Things that are here:
a +0 club; a goblin corpse A worm is nearby!
The worm misses you.
A worm is nearby!
You hit the worm. You headbutt the worm.
The worm is moderately wounded.
The worm bites you.
You are too injured to fight recklessly!
You are too injured to fight recklessly!
You are too injured to fight recklessly!
You are too injured to fight recklessly!
You are too injured to fight recklessly!
You hit the worm.
The worm is heavily wounded.
The worm bites you!
You die...

#.# #.# #.#### #
#....# #. ####.#
####.###### #.#
...._.....# #.#
#........#######.#
#...w@.)..>.....#
............#######
.###........#
###....### ......#
########


You could see a worm.

Vanquished Creatures
  A dart slug (D:2)
  2 giant cockroaches (D:1)
  3 goblins
  2 kobolds (D:1)
  A ball python (D:1)
  A bat (D:1)
  3 rats (D:1)
13 creatures vanquished.

Notes
Turn   | Place    | Note
-------+----------+-------------------------------------------
     0 | D:1      | kae the Merfolk Transmuter began the quest for the Orb.
     0 | D:1      | Reached XP level 1. HP: 15/15 MP: 3/3
   589 | D:1      | Reached XP level 2. HP: 21/21 MP: 3/5
  1029 | D:2      | Found a faded altar of an unknown god.
  1040 | D:2      | Slain by a worm

Illustrated notes

Levels and vault maps discovered:
D:1:      dpeg_arrival_pond, layout_rooms
D:2:      layout_loops_corners, basic_ecumenical_altar

Skill      XL: |  1 |
---------------+----+-----
Transmutations | 3 |  3.1
Fighting       | |  1.4
Dodging        | |  2.8
Unarmed Combat | |  3.6
Spellcasting   | |  2.0

Action                   || total
-------------------------++-------
Melee: Hand axe          ||    44
       Unarmed           ||    15
       Headbutt          ||     4
 Cast: Beastly Appendage ||    12
  Use: Scroll            ||     1
Armor: Robe              ||    23
Dodge: Dodged            ||    66

Table legend: (Time is in decaauts)
 A = Elapsed time spent in this place.
 B = Non-inter-level travel time spent in this place.
 C = Inter-level travel time spent in this place.
 D = Time resting spent in this place.
 E = Time spent auto-exploring this place.
 F = Levels seen in this place.
 G = Mean time per level.
                   A        B        C        D        E       F      G
               +--------+--------+--------+--------+--------+-----+--------+
         Total |   1050 |   1034 |     16 |      0 |    856 |   2 |  525.0 |
       Dungeon |   1050 |   1034 |     16 |      0 |    856 |   2 |  525.0 |
               +--------+--------+--------+--------+--------+-----+--------+

Top non-repeatable levels by time:
     D:1: 951 daAuts
     D:2: 98 daAuts
